 Dungeon Crawl Stone Soup version 0.29-a0-998-g1987434951 (webtiles) character file.

Game seed: 7682727581543176476

266 drpainis the Covert (level 6, -4/41 HPs)
             Began as an Octopode Brigand on Aug 6, 2022.
             Slain by an ice beast (11 damage)
             ... on level 4 of the Dungeon.
             The game lasted 00:06:26 (2992 turns).

drpainis the Covert (Octopode Brigand)              Turns: 2992, Time: 00:06:27

Health: -4/41      AC:  1    Str: 10    XL:     6   Next: 20%
Magic:  6/6        EV: 13    Int: 13    God:
Gold:   232        SH:  0    Dex: 16    Spells: 5/5 levels left

rFire   . . .      SeeInvis .   v - +2 dagger (vamp)
rCold   . . .      Faith    .   (no shield)
rNeg    . . .      Spirit   .   (helmet restricted)
rPois   .          Reflect  .   (no amulet)
rElec   .          Harm     .   (no ring)
rCorr   .          Rampage  .   (no ring)
Will    .....                   (no ring)
Stlth   +++++.....              (no ring)
HPRegen 0.13/turn               (no ring)
MPRegen 0.10/turn               (no ring)
                                (no ring)
                                (no ring)

@: no status effects
A: almost no armour, amphibious, 8 rings, camouflage 1, gelatinous body 1,
(nimble swimmer 1), tentacles
a: no special abilities


You were on level 4 of the Dungeon.
You visited 1 branch of the dungeon, and saw 4 of its levels.

You collected 232 gold pieces.

Inventory:

Hand Weapons
 a - a +2 dagger
 s - a +0 sling
 v - a +2 vampiric dagger (weapon)
 w - a +0 dagger
Missiles
 n - 3 atropa-tipped darts (quivered)
 o - a throwing net
 r - 6 silver boomerangs
Magical Staves
 e - a staff of air
Scrolls
 d - 3 scrolls of poison {unknown}
 f - 4 scrolls of teleportation {unknown}
 l - a scroll of vulnerability {unknown}
 m - a scroll of magic mapping {unknown}
 p - 2 scrolls of identify {unknown}
 q - a scroll of fog {unknown}
 u - 2 scrolls of amnesia {unknown}
Potions
 g - a potion of attraction {unknown}
 h - 2 potions of haste {unknown}
 i - 3 potions of lignification {unknown}
 j - 2 potions of resistance {unknown}
 k - a potion of curing {unknown}
 t - a potion of magic {unknown}
 x - a potion of heal wounds {unknown}
 z - a potion of degeneration {unknown}


   Skills:
 + Level 2.5 Fighting
 + Level 3.4 Short Blades
 + Level 3.0 Throwing
 + Level 1.5 Dodging
 + Level 8.1 Stealth


You had 5 spell levels left.
You didn't know any spells.
Your spell library contained the following spells:

 Spells                   Type           Power      Damage    Failure   Level
 Petrify                  Tmut/Erth      0%         N/A       97%         4
 Metabolic Englaciation   Hex/Ice        0%         N/A       100%        5
 Statue Form              Tmut/Erth      0%         N/A       100%        6


Dungeon Overview and Level Annotations

Branches:
Dungeon (4/15)
 Temple: D:4-7

Altars:

Shops:
D:3 =


Innate Abilities, Weirdness & Mutations

You cannot wear most types of armour.
You are amphibious.
You can wear up to eight rings at the same time.
Your skin changes colour to match your surroundings (Stealth+).
Your rubbery body absorbs attacks. (AC +1, EV +1)
((You are camouflaged when in or above water. (Stealth+)))
You have tentacles for arms and can constrict up to eight enemies at once.


Message History

You hit the ice beast but do no damage. Your squeeze misses the ice beast.
The ice beast is severely wounded.
The ice beast closely misses you.
You hit the ice beast but do no damage.
The ice beast is severely wounded.
The ice beast barely misses you.
You hit the ice beast but do no damage. Your squeeze misses the ice beast.
The ice beast is severely wounded.
You hit the ice beast.
You feel better.
The ice beast is severely wounded.
The ice beast barely misses you.
You closely miss the ice beast.
The ice beast is severely wounded.
The ice beast barely misses you.
You hit the ice beast.
You feel better.
Your squeeze misses the ice beast.
The ice beast is almost dead.
The ice beast hits you. The ice beast freezes you!
You hit the ice beast but do no damage.
The ice beast is almost dead.
The ice beast completely misses you.
You hit the ice beast but do no damage.
The ice beast is almost dead.
You closely miss the ice beast.
The ice beast is almost dead.
The ice beast misses you.
Unknown command.
You hit the ice beast.
You feel better.
You squeeze the ice beast, but do no damage.
The ice beast is almost dead.
The ice beast closely misses you.
You barely miss the ice beast.
The ice beast is almost dead.
The ice beast hits you. The ice beast freezes you!
* * * LOW HITPOINT WARNING * * *
You hit the ice beast.
You feel better.
Your squeeze misses the ice beast.
The ice beast is almost dead.
The ice beast hits you.
* * * LOW HITPOINT WARNING * * *
The ice beast freezes you!
You die...

####################
#..................#
###.########.###.###(##
....# #.# #(# ((.
###### #.###@##(#
...... #.#.Y(...#
..####...(..#.(###..#
..# ####...##(# #.##
..# ##..#..# #>. .##
###.#.. ...# ##
#(...#...# # # ###.##..
.# ##


You could see an ice beast.

Vanquished Creatures
  A scorpion (D:3)
  2 hounds (D:4)
  Jessica (D:2)
  An orc wizard (D:3)
  4 adders (D:3)
  2 worms
  A dart slug (D:3)
  6 orcs
  2 ball pythons (D:3)
  3 endoplasms
  3 giant cockroaches
  3 goblins
  5 hobgoblins
  4 jackals
  2 quokkas
  2 bats
  A frilled lizard (D:1)
  4 kobolds
  3 rats
50 creatures vanquished.

Notes
Turn   | Place    | Note
-------+----------+-------------------------------------------
     0 | D:1      | drpainis the Octopode Brigand began the quest for the Orb.
     0 | D:1      | Reached XP level 1. HP: 14/14 MP: 1/1
   558 | D:1      | Found a faded altar of an unknown god.
   827 | D:2      | Reached XP level 2. HP: 13/19 MP: 2/2
  1005 | D:2      | Noticed Jessica
  1012 | D:2      | Killed Jessica
  1013 | D:2      | Reached skill level 6 in Stealth
  1013 | D:2      | Reached XP level 3. HP: 24/24 MP: 3/3
  1601 | D:3      | Reached XP level 4. HP: 27/29 MP: 4/4
  1689 | D:3      | Reached skill level 7 in Stealth
  1793 | D:3      | Found Wellesch's Jewellery Shop.
  1950 | D:3      | Noticed a scorpion
  2024 | D:4      | Reached XP level 5. HP: 35/35 MP: 5/5
  2336 | D:3      | Reached skill level 8 in Stealth
  2611 | D:3      | Reached XP level 6. HP: 41/41 MP: 6/6
  2942 | D:4      | Noticed an ice beast
  2992 | D:4      | Slain by an ice beast

Illustrated notes

Levels and vault maps discovered:
D:1:      dpeg_arrival_simpleton_b, layout_loops_cross,
          dreamdust_ecumenical_altar_angels_and_demons
D:2:      layout_basic, minmay_heptomino_d4, uniq_jessica
D:3:      layout_loops_ring, serial_shops, nicolae_shop_behind_doors,
          minmay_unequal
D:4:      layout_loops_ring, eino_tiny_chamber

Skill      XL: |  1  2  3  4  5  6 |
---------------+-------------------+-----
Stealth        | 6 7 8 |  8.1
Short Blades   | 3 |  3.4
Throwing       | 3 |  3.0
Fighting       | |  2.5
Dodging        | |  1.5

Action                   |  1- 3 |  4- 6 || total
-------------------------+-------+-------++-------
Melee: Dagger            |    39 |    66 ||   105
       Constrict         |    10 |    13 ||    23
       Tentacles         |     8 |    15 ||    23
Throw: Dart              |       |    62 ||    62
 Stab: Sleeping          |    10 |     6 ||    16
Armor: Skin              |       |     3 ||     3
Dodge: Dodged            |    17 |    43 ||    60

Table legend: (Time is in decaauts)
 A = Elapsed time spent in this place.
 B = Non-inter-level travel time spent in this place.
 C = Inter-level travel time spent in this place.
 D = Time resting spent in this place.
 E = Time spent auto-exploring this place.
 F = Levels seen in this place.
 G = Mean time per level.
                   A        B        C        D        E       F      G
               +--------+--------+--------+--------+--------+-----+--------+
         Total |   2969 |   2878 |     91 |     14 |   2131 |   4 |  742.2 |
       Dungeon |   2969 |   2878 |     91 |     14 |   2131 |   4 |  742.2 |
               +--------+--------+--------+--------+--------+-----+--------+

Top non-repeatable levels by time:
     D:3: 1021 daAuts
     D:2: 829 daAuts
     D:1: 725 daAuts
     D:4: 392 daAuts
